 Dungeon Crawl Stone Soup version 0.32-a0-433-g08bcfe7efd (webtiles) character file.

Game seed: 8259133195840867327

458 Dittersdorf the Trooper (level 7, -15/44 HPs)
             Began as a Gargoyle Fighter on Feb 22, 2024.
             Demolished by Edmund
             ... wielding a +5 heavy flail
              (17 damage)
             ... on level 5 of the Dungeon.
             The game lasted 00:03:56 (3915 turns).

Dittersdorf the Trooper (Gargoyle Fighter)          Turns: 3915, Time: 00:03:57

Health: -15/44     AC: 13    Str: 21    XL:     7   Next: 6%
Magic:  16/16      EV:  9    Int:  9    God:
Gold:   206        SH:  4    Dex:  9    Spells: 6/6 levels left

rFire   . . .        a - +0 flail
rCold   . . .        c - +0 buckler
rNeg    + . .        b - +0 scale mail
rPois   ∞            (no helmet)
rElec   +            (no cloak)
rCorr   .            (no gloves)
SInv    .            g - +0 pair of boots
Will    .....        (no amulet)
Stlth   x              - ring of magical power
HPRegen 0.27/turn    (no ring)
MPRegen 0.15/turn

%: no passive effects
@: no status effects
A: sickness immunity, AC +4, negative energy resistance 1, electricity
resistance, torment resistance 1, petrification resistance
a: no special abilities


You were on level 5 of the Dungeon.
You visited 1 branch of the dungeon, and saw 5 of its levels.

You collected 206 gold pieces.

Inventory:

Hand Weapons
 a - a +0 flail (weapon)
Armour
 b - a +0 scale mail (worn)
 c - a +0 buckler (worn)
 g - a +0 pair of boots (worn)
 v - a +0 plate armour
Jewellery
 x - a ring of magical power (left hand)
Scrolls
 h - 3 scrolls of teleportation
 j - a scroll of fear
 w - 2 scrolls of fog
Potions
 d - a potion of might
 f - a potion of berserk rage {unknown}
 i - a potion of cancellation {unknown}
 k - 3 potions of curing
 l - a potion of mutation
 m - 2 potions of ambrosia
 p - a potion of magic
 r - a potion of heal wounds


   Skills:
 + Level 5.1 Fighting
 + Level 3.9 Maces & Flails
 + Level 5.0 Armour
 + Level 5.1 Shields


You had 6 spell levels left.
You didn't know any spells.
Your spell library contained the following spells:

 Spells                   Type           Power      Damage    Failure   Level
 Magic Dart               Conj           0%         1d3       78%         1
 Blink                    Tloc           0%         N/A       89%         2
 Call Imp                 Summ           0%         N/A       89%         2
 Ensorcelled Hibernation  Hex/Ice        0%         N/A       89%         2
 Call Canine Familiar     Summ           0%         N/A       98%         3
 Fugue of the Fallen      Necr           0%         N/A       98%         3
 Sigil of Binding         Hex            0%         N/A       98%         3
 Anguish                  Hex/Necr       0%         N/A       100%        4
 Dimensional Bullseye     Hex/Tloc       0%         N/A       100%        4


Dungeon Overview and Level Annotations

Branches:
Dungeon (5/15)
 Temple: D:4-7

Altars:
Trog

Annotations:
D:5 Edmund


Innate Abilities, Weirdness & Mutations

You are immune to sickness and miasma.
Your stone body is resilient. (AC +4)
You are immune to poison.
You resist negative energy. (rN+)
You are resistant to electric shocks. (rElec)
You are resistant to unholy torment.
You are immune to petrification.


Message History

Edmund is lightly wounded.
You block Edmund's attack.
You sock Edmund!
Edmund is moderately wounded.
You barely miss Edmund.
Edmund is moderately wounded.
Edmund says, "A flail is better than a scythe, any day of the week!"
Edmund hits you with a +5 heavy flail.
* * * LOW HITPOINT WARNING * * *
You sock Edmund!
Edmund is heavily wounded.
Edmund barely misses you.
You hit Edmund but do no damage.
Edmund is heavily wounded.
Edmund hits you with a +5 heavy flail.
* * * LOW HITPOINT WARNING * * *
You closely miss Edmund.
Edmund is heavily wounded.
You block Edmund's attack.
You closely miss Edmund.
Edmund is heavily wounded.
You thump Edmund!
Edmund is severely wounded.
Edmund hits you with a +5 heavy flail.
* * * LOW HITPOINT WARNING * * *
You barely miss Edmund.
Edmund is severely wounded.
Edmund hits you but does no damage.
You barely miss Edmund.
Edmund is severely wounded.
You block Edmund's attack.
You hit Edmund but do no damage.
Edmund is severely wounded.
Edmund hits you with a +5 heavy flail!
* * * LOW HITPOINT WARNING * * *
You hit Edmund.
Edmund is almost dead.
Edmund hits you with a +5 heavy flail!
You die...
Edmund says, "That'll show my brother!"

.....#..##§§§§...#.
#...###..##§§§.....
..........§§§###...
#.##.#..###§## ..
####....####### .
.....#.........
..........##.##
.####.....###
#..@....#
#...@.......
#............#
##..........##
.........#..#
..#..........#
.###...#####..#
.... ..


You could see Edmund.

Vanquished Creatures
  Eustachio (D:3)
  2 scorpions
  An orc priest (D:3)
  A sleepcap (D:4)
  An iguana (D:4)
  3 adders (D:2)
  A ribbon worm (D:3)
  A dart slug (D:4)
  9 orcs
  5 ball pythons
  6 endoplasms
  4 giant cockroaches
  9 goblins
  8 hobgoblins
  4 jackals
  3 quokkas
  4 bats
  A frilled lizard (D:3)
  5 kobolds
  12 rats
81 creatures vanquished.

Notes
Turn   | Place    | Note
-------+----------+-------------------------------------------
     0 | D:1      | Dittersdorf the Gargoyle Fighter began the quest for the
                  | Orb.
     0 | D:1      | Reached XP level 1. HP: 14/14 MP: 1/1
   138 | D:1      | Reached XP level 2. HP: 19/19 MP: 2/2
   452 | D:1      | Reached XP level 3. HP: 23/23 MP: 3/3
  1022 | D:2      | HP: 1/24 [adder (1)]
  1362 | D:2      | Reached XP level 4. HP: 29/29 MP: 4/4
  1885 | D:3      | Found a faded altar of an unknown god.
  2149 | D:3      | Reached XP level 5. HP: 32/33 MP: 5/5
  2443 | D:3      | Found a bloodstained altar of Trog.
  3092 | D:4      | Reached XP level 6. HP: 31/39 MP: 6/6
  3096 | D:4      | Noticed Eustachio
  3357 | D:3      | Killed Eustachio
  3463 | D:4      | Reached skill level 5 in Fighting
  3756 | D:5      | Entered Level 5 of the Dungeon
  3776 | D:5      | Reached skill level 5 in Armour
  3776 | D:5      | Reached skill level 5 in Shields
  3776 | D:5      | Reached XP level 7. HP: 33/44 MP: 7/7
  3894 | D:5      | Noticed Edmund
  3914 | D:5      | HP: 1/44 [Edmund/+5 heavy flail (8)]
  3915 | D:5      | Demolished by Edmund

Illustrated notes

Levels and vault maps discovered:
D:1:      roderic_dead_forest, layout_loops_ring, serial_co_window_serial,
          co_window_paths_a, co_window_paths_a, co_window_paths_a,
          co_window_paths_a, co_window_paths_a, co_window_paths_b,
          co_window_corner_a, co_window_paths_b, co_window_paths_a,
          co_window_of_opportunity_b, co_window_of_opportunity_c,
          co_window_of_opportunity_c
D:2:      layout_loops_ring
D:3:      layout_basic, bloody_trog, basic_ecumenical_altar, grunt_ministairs_3
D:4:      layout_loops_ring, uniq_eustachio
D:5:      layout_cave_pools, minmay_misc_feat_alley, uniq_edmund

Skill      XL: |  1  2  3  4  5  6 |
---------------+-------------------+-----
Shields        | 4 5 |  5.1
Fighting       | 4 5 |  5.1
Armour         | 4 5 |  5.0
Maces & Flails | 3 |  3.9

Action                     |  1- 3 |  4- 6 |  7- 9 || total
---------------------------+-------+-------+-------++-------
  Melee: Flail             |   162 |   236 |    18 ||   416
    Use: Scroll            |       |    11 |     5 ||    16
 Armour: Scale mail        |   123 |   312 |    10 ||   445
  Dodge: Dodged            |   107 |   183 |     3 ||   293
  Block: Buckler           |    38 |    90 |     3 ||   131

Table legend: (Time is in decaauts)
 A = Elapsed time spent in this place.
 B = Non-inter-level travel time spent in this place.
 C = Inter-level travel time spent in this place.
 D = Time resting spent in this place.
 E = Time spent auto-exploring this place.
 F = Levels seen in this place.
 G = Mean time per level.
                   A        B        C        D        E       F      G
               +--------+--------+--------+--------+--------+-----+--------+
         Total |   4038 |   3934 |    104 |    390 |   2633 |   5 |  807.6 |
       Dungeon |   4038 |   3934 |    104 |    390 |   2633 |   5 |  807.6 |
               +--------+--------+--------+--------+--------+-----+--------+

Top non-repeatable levels by time:
     D:1: 1020 daAuts
     D:4: 999 daAuts
     D:3: 944 daAuts
     D:2: 906 daAuts
     D:5: 167 daAuts
